AoeStats
← 梦呓江淮

African Clearing

503853156Analyzed
4v4 RM · 1mo ago on Sep 2, 2026· 25m 37s· 8 players
Game mode
Random Map
Map size
Large (8 player)
Population
200
Speed
Normal
Resources
Standard
Victory
Conquest
Starting age
Dark Age
Ending age
Imperial Age
RankedLock teamsTeams togetherTeam positionsShared explorationLock speedFull tech treeHidden civsTurbo modeCheats
Victory
Defeat
🇹🇼 Poles · Taiwan
1443
+11
🇨🇳 Romans · China
1342
+15
🇭🇰 Magyars · Hong Kong SAR China
1315
+17
🇨🇳 Spanish · China
1180
+23
🇨🇴 Japanese · Colombia
1360
-18
🇦🇷 Mongols · Argentina
1337
-17
1318
-16
🇬🇪 Lithuanians · Georgia
1307
-15
Warriorz Lvl
13:24 Feudal Age
17:48 Castle Age
torkiel
10:34 Loom
13:37 Feudal Age
14:14 Double-Bit Axe
22:03 Castle Age
20:25 Horse Collar
21:02 Forging
21:33 Scale Barding Armor
22:16 Bloodlines
娘子出來看上帝了
6:52 Loom
13:35 Feudal Age
17:46 Castle Age
18:14 Double-Bit Axe
18:22 Fletching
18:15 Horse Collar
19:34 Bow Saw
19:31 Gold Mining
21:06 Bodkin Arrow
Matt Damon
8:06 Loom
14:48 Feudal Age
16:04 Wheelbarrow
18:50 Castle Age
16:44 Stone Mining
17:04 Double-Bit Axe
18:03 Gold Mining
18:15 Horse Collar
梦呓江淮
4:43 Loom
12:38 Feudal Age
14:48 Double-Bit Axe
17:27 Castle Age
15:12 Man-at-Arms
15:55 Scale Mail Armor
16:52 Forging
17:34 Long Swordsman
19:37 Chain Mail Armor
19:37 Chain Mail Armor
WhisperyChunk92
11:04 Loom
13:59 Feudal Age
18:34 Castle Age
16:44 Double-Bit Axe
17:21 Stone Mining
19:36 Bow Saw
22:16 Horse Collar
风正一帆悬
9:07 Loom
11:28 Feudal Age
12:00 Double-Bit Axe
20:02 Castle Age
19:17 Bloodlines
19:08 Horse Collar
19:42 Gold Mining
20:31 Scale Barding Armor
24:26 Bow Saw
23:53 Light Cavalry
精锐数字
8:14 Loom
15:50 Feudal Age
20:55 Castle Age
19:07 Double-Bit Axe
19:49 Stone Mining
21:57 Bow Saw
Connection lost

Rejoining the realm…

Still unreachable

The connection could not be restored.

Session expired

The server has moved on; the page needs a fresh start.